 Dungeon Crawl Stone Soup version 0.31-a0-920-g28cbb04a8c (webtiles) character file.

Game seed: 2634435941900204449

211 javelincjr the Poker (level 5, 0/41 HPs)
             Began as a Demonspawn Gladiator on Oct 17, 2023.
             Was a Follower of Qazlal.
             Slain by an orc
             ... wielding a +0 mace
              (3 damage)
             ... on level 3 of the Dungeon.
             The game lasted 00:05:17 (1443 turns).

javelincjr the Poker (Demonspawn Gladiator)         Turns: 1443, Time: 00:05:17

Health: 0/41       AC:  6    Str: 17    XL:     5   Next: 57%
Magic:  5/5        EV: 13    Int:  9    God:    Qazlal [*.....]
Gold:   146        SH: 11    Dex: 14    Spells: 4/4 levels left

rFire   + . .        i - +4 dagger (drain)
rCold   . . .        k - +2 kite shield
rNeg    . . .        g - +0 steam dragon scales
rPois   .            c - +0 helmet
rElec   .            (no cloak)
rCorr   .            (no gloves)
SInv    .            (no boots)
Will    .....        (no amulet)
Stlth   +            (no ring)
HPRegen 0.26/turn    (no ring)
MPRegen 0.09/turn

%: clarity
@: no status effects
A: repulsion field 1, powered by death 1, clarity, fire resistance 1
a: Renounce Religion


You were on level 3 of the Dungeon.
You worshipped Qazlal.
Qazlal was aware of your devotion.
You visited 1 branch of the dungeon, and saw 3 of its levels.

You collected 146 gold pieces.

Inventory:

Hand Weapons
 a - a +0 trident
 i - a +4 dagger of draining (weapon)
 n - a +0 scythe of venom
Missiles
 d - 3 throwing nets (quivered)
 e - a javelin
 j - 2 poisoned darts
Armour
 c - a +0 helmet (worn)
 g - +0 steam dragon scales (worn)
 k - a +2 kite shield (worn)
Scrolls
 b - a scroll of teleportation {unknown}
 f - a scroll of fear {unknown}
 h - a scroll of identify {unknown}
Potions
 m - a potion of lignification {unknown}


   Skills:
 + Level 3.0 Fighting
 + Level 3.4 Polearms
 + Level 2.7 Throwing
 + Level 1.5 Armour
 + Level 3.4 Dodging
 + Level 1.5 Shields


You had 4 spell levels left.
You didn't know any spells.
Your spell library contained the following spells:

 Spells                   Type           Power      Damage    Failure   Level
 Slow                     Hex            0%         N/A       77%         1
 Summon Small Mammal      Summ           0%         N/A       77%         1
 Call Canine Familiar     Summ           0%         N/A       98%         3
 Confusing Touch          Hex            0%         N/A       98%         3
 Gell's Gravitas          Tloc           0%         N/A       98%         3
 Sigil of Binding         Hex            0%         N/A       98%         3
 Summon Guardian Golem    Hex/Summ       0%         N/A       98%         3
 Teleport Other           Tloc           0%         N/A       98%         3
 Vampiric Draining        Necr           0%         2d6       98%         3
 Dispersal                Tloc           0%         N/A       100%        6


Dungeon Overview and Level Annotations

Branches:
Dungeon (3/15)

Altars:
Qazlal

Shops:
D:1 *


Innate Abilities, Weirdness & Mutations

You are surrounded by a mild repulsion field. (EV +2)
You regenerate a little health from kills.
You possess an exceptional clarity of mind.
Your flesh is heat resistant. (rF+)


Message History

You closely miss something.
The orc throws a boomerang.
You block the boomerang. Something hits you but does no damage.
You closely miss something.
The orc throws a boomerang.
Something barely misses you.
You closely miss something. Something barely misses you.
The orc throws a boomerang.
You block the boomerang.
You closely miss something. You block something's attack.
The orc throws a boomerang.
The boomerang closely misses you.
You barely miss something. You block something's attack.
Something hits you but does no damage.
You hit something but do no damage.
The orc throws a boomerang.
The boomerang hits you.
* * * LOW HITPOINT WARNING * * *
You hear some strange, mumbled words.
A magic dart appears from out of thin air!
The magic dart hits you.
* * * LOW HITPOINT WARNING * * *
A magic dart appears from out of thin air!
The magic dart hits something.
Reactivating autopickup.
You feel a bit more experienced. The orc hits you with a +0 mace.
* * * LOW HITPOINT WARNING * * *
Something hits you but does no damage.
Deactivating autopickup; reactivate with Ctrl-A.
Items here: ))) [[ †.
You hit something. The orc hits you but does no damage. Something hits you.
* * * LOW HITPOINT WARNING * * *
You hear some strange, mumbled words.
A magic dart appears from out of thin air!
The magic dart hits you.
* * * LOW HITPOINT WARNING * * *
You hit something. The orc closely misses you.
You hear some strange, mumbled words.
A puff of flame appears from out of thin air!
The puff of flame misses you.
It was a potion of mutation.
You feel extremely strange.
Your thoughts seem clearer.
You feel resistant to heat. The orc hits you with a +0 mace.
You die...

# #.####### ..# #
#.......# #..# #
##)####.# # #..# #
##.####.##.# #..##### #
#.....)....# #..#...#
###..####.####
##......# .....# #..##
#.......# #...##
##...#####..##..# #.##
##........@{.....# #.#
#.......###o#.#.## #.
..........###.....###.
#####...#.##...#.......
##.##.##.#...####.#
#### #.##.##.#).?#
.#⌠## ..##.##.......#
.'..## ... #..........#
##⌠..#### ####......!#


You could see an orc.

Vanquished Creatures
  Sigmund (D:3)
  An adder (D:2)
  3 dart slugs (D:1)
  3 orcs (D:3)
  5 bats
  2 endoplasms
  A giant cockroach (D:2)
  3 goblins
  3 hobgoblins (D:2)
  2 quokkas
  6 ball pythons
  A frilled lizard (D:2)
  4 kobolds
  4 rats
39 creatures vanquished.

Vanquished Creatures (others)
  An orc wizard (D:3)
1 creature vanquished.

Grand Total: 40 creatures vanquished

Notes
Turn   | Place    | Note
-------+----------+-------------------------------------------
     0 | D:1      | javelincjr the Demonspawn Gladiator began the quest for the
                  | Orb.
     0 | D:1      | Reached XP level 1. HP: 16/16 MP: 1/1
   160 | D:1      | Gained mutation: You regenerate a little health from kills.
                  | [demonic ancestry]
   160 | D:1      | Reached XP level 2. HP: 18/22 MP: 2/2
   214 | D:1      | Found Ribiqiest's General Store.
   582 | D:2      | Found a stormy altar of Qazlal.
   604 | D:2      | Became a worshipper of Qazlal Stormbringer
   678 | D:2      | Reached XP level 3. HP: 28/28 MP: 3/3
  1251 | D:3      | Reached * piety under Qazlal
  1284 | D:3      | Noticed Sigmund
  1291 | D:3      | Killed Sigmund
  1292 | D:3      | Reached skill level 1 in Armour
  1292 | D:3      | Reached skill level 1 in Shields
  1292 | D:3      | Gained mutation: You are surrounded by a mild repulsion
                  | field. (EV +2) [demonic ancestry]
  1292 | D:3      | Reached XP level 4. HP: 13/35 MP: 4/4
  1292 | D:3      | Reached XP level 5. HP: 15/41 MP: 5/5
  1441 | D:3      | HP: 2/41 [something/magic dart (3)]
  1443 | D:3      | Gained mutation: You possess an exceptional clarity of
                  | mind. [potion of mutation]
  1443 | D:3      | Gained mutation: Your flesh is heat resistant. (rF+)
                  | [potion of mutation]
  1443 | D:3      | Slain by an orc

Illustrated notes

Levels and vault maps discovered:
D:1:      elethiomel_arrival_infinity_welcomes_careful_drivers, layout_rooms,
          serial_shops, shop
D:2:      layout_basic, minmay_hexomino_r4
D:3:      layout_loops_ring, mainiacjoe_overflow_alcove_4, grunt_ministairs_8,
          uniq_sigmund

Skill      XL: |  1  2  3 |
---------------+----------+-----
Throwing       | 2 |  2.7
Polearms       | 3 |  3.4
Dodging        | 3 |  3.4
Fighting       | 3 |  3.0
Armour         | 1 |  1.5
Shields        | 1 |  1.5

Action                     |  1- 3 |  4- 6 || total
---------------------------+-------+-------++-------
  Melee: Trident           |    11 |       ||    11
         Dagger            |    70 |    34 ||   104
    Use: Scroll            |     5 |       ||     5
         Potion            |       |     1 ||     1
   Stab: Sleeping          |     1 |       ||     1
 Armour: Steam dragon scal |    40 |    28 ||    68
  Dodge: Dodged            |    30 |    21 ||    51
  Block: Kite shield       |    28 |    28 ||    56

Table legend: (Time is in decaauts)
 A = Elapsed time spent in this place.
 B = Non-inter-level travel time spent in this place.
 C = Inter-level travel time spent in this place.
 D = Time resting spent in this place.
 E = Time spent auto-exploring this place.
 F = Levels seen in this place.
 G = Mean time per level.
                   A        B        C        D        E       F      G
               +--------+--------+--------+--------+--------+-----+--------+
         Total |   1460 |   1390 |     70 |      0 |   1082 |   3 |  486.7 |
       Dungeon |   1460 |   1390 |     70 |      0 |   1082 |   3 |  486.7 |
               +--------+--------+--------+--------+--------+-----+--------+

Top non-repeatable levels by time:
     D:2: 657 daAuts
     D:1: 574 daAuts
     D:3: 228 daAuts
